 Dungeon Crawl Stone Soup version 0.26-a0-504-g0cf647090d (webtiles) character file.

Game seed: 6224419410630611121

135 ANON1729 the Sneak (level 5, -1/32 HPs)
             Began as a Kobold Brigand on Aug 8, 2020.
             Slain by an orc
             ... wielding a +2 vorpal flail
              (11 damage)
             ... on level 2 of the Dungeon.
             The game lasted 00:01:07 (947 turns).

ANON1729 the Sneak (Kobold Brigand)                  Turns: 947, Time: 00:01:08

Health: -1/32      AC:  3    Str:  9    XL:     5   Next: 42%
Magic:  5/5        EV: 15    Int: 12    God:
Gold:   76         SH:  0    Dex: 17    Spells: 4/4 levels left

rFire    . . .     SeeInvis .   a - +2 dagger
rCold    . . .     Faith    .   (shield restricted)
rNeg     . . .     Spirit   .   b - +0 robe
rPois    .         Reflect  .   (no helmet)
rElec    .         Harm     .   c - +0 cloak
rCorr    .                      (no gloves)
MR       .....                  (no boots)
Stlth    ++++......             (no amulet)
HPRegen  0.10/turn              (no ring)
MPRegen  0.09/turn              (no ring)

@: no status effects
A: small, nightstalker 3
a: no special abilities


You were on level 2 of the Dungeon.
You visited 1 branch of the dungeon, and saw 2 of its levels.

You collected 76 gold pieces.

Inventory:

Hand Weapons
 a - a +2 dagger (weapon)
Missiles
 d - 8 poisoned darts (quivered)
Armour
 b - a +0 robe (worn)
 c - a +0 cloak (worn)
Scrolls
 f - a scroll of remove curse {unknown}
 g - a scroll of teleportation {unknown}
Potions
 h - a potion of heal wounds {unknown}


   Skills:
 + Level 3.2 Fighting
 + Level 3.8 Short Blades
 + Level 3.2 Throwing
 + Level 2.7 Dodging
 + Level 6.1 Stealth


You had 4 spell levels left.
You didn't know any spells.
Your spell library was empty.

Dungeon Overview and Level Annotations

Branches:
Dungeon (2/15)

Altars:


Innate Abilities, Weirdness & Mutations

You are small and have problems with some larger weapons.
You are completely attuned to the shadows.


Message History

The orc warrior closely misses you.
Throwing (i - inventory. (/) - cycle)
e - a curare-tipped dart (quivered)
Press: ? - help, Shift-Dir - straight line, f/p - orc warrior
Aim: an orc warrior, wielding a +0 dire flail of holy wrath and wearing a +0 plate armour (almost dead)
You throw a curare-tipped dart.
The curare-tipped dart hits the orc warrior.
The orc warrior is poisoned.
The orc warrior convulses.
You kill the orc warrior!
Your Fighting skill increases to level 3!
Your Throwing skill increases to level 3!
Your Stealth skill increases to level 6!
You have reached level 4!
You have reached level 5!
You feel stronger.
You hit the orc.
The orc is moderately wounded.
You hit the orc.
The orc is almost dead.
The orc hits you with a +2 vorpal flail!
You die...

#.# #.# #.# #)# #.#
#.# #.#.# #># #.#.#
#.# #.#.#
#.############.#.#####
#....@o.............).
#.####################
#.# ###


You could see an orc.

Vanquished Creatures
  An orc warrior (D:2)
  2 leopard geckos
  An orc (D:2)
  4 bats
  A giant cockroach (D:1)
  8 hobgoblins
  2 jackals (D:1)
  6 kobolds
  A frilled lizard (D:1)
  3 goblins (D:1)
  2 rats (D:1)
31 creatures vanquished.

Notes
Turn   | Place    | Note
-------+----------+-------------------------------------------
     0 | D:1      | ANON1729 the Kobold Brigand began the quest for the Orb.
     0 | D:1      | Reached XP level 1. HP: 12/12 MP: 1/1
   124 | D:1      | Reached XP level 2. HP: 18/18 MP: 2/2
   370 | D:1      | Reached XP level 3. HP: 15/22 MP: 3/3
   917 | D:2      | Noticed an orc warrior
   945 | D:2      | Killed an orc warrior
   945 | D:2      | Reached skill level 6 in Stealth
   945 | D:2      | Reached XP level 4. HP: 9/28 MP: 4/4
   945 | D:2      | Reached XP level 5. HP: 10/32 MP: 5/5
   947 | D:2      | Slain by an orc

Illustrated notes

Levels and vault maps discovered:
D:1:      psy_arrival_spokes, layout_basic
D:2:      layout_basic, nicolae_overflow_crystal_walls, serial_corexii_hall,
          corexii_hall_statues_x, corexii_hall_statues_l,
          nicolae_ashenzari_panopticon

Skill      XL: |  1  2  3 |
---------------+----------+-----
Short Blades   | 3 |  3.8
Dodging        | 2 |  2.7
Fighting       | 3 |  3.2
Throwing       | 3 |  3.2
Stealth        | 6 |  6.1

Action                   |  1- 3 |  4- 6 || total
-------------------------+-------+-------++-------
Melee: Dagger            |    52 |     2 ||    54
Throw: Dart              |     2 |       ||     2
 Stab: Sleeping          |    23 |       ||    23
Armor: Robe              |     1 |       ||     1
Dodge: Dodged            |    16 |       ||    16

Table legend: (Time is in decaauts)
 A = Elapsed time spent in this place.
 B = Non-inter-level travel time spent in this place.
 C = Inter-level travel time spent in this place.
 D = Time resting spent in this place.
 E = Time spent auto-exploring this place.
 F = Levels seen in this place.
 G = Mean time per level.
                   A        B        C        D        E       F      G
               +--------+--------+--------+--------+--------+-----+--------+
         Total |    939 |    909 |     30 |      0 |    746 |   2 |  469.5 |
       Dungeon |    939 |    909 |     30 |      0 |    746 |   2 |  469.5 |
               +--------+--------+--------+--------+--------+-----+--------+

Top non-repeatable levels by time:
     D:1: 761 daAuts
     D:2: 177 daAuts
